 Dungeon Crawl Stone Soup version 0.19-a0-1608-g4cf22de (webtiles) character file.

50 jacquesderrida the Slasher (level 3, 0/18 HPs)
             Began as a Vine Stalker Skald on Sept 17, 2016.
             Slain by a worm (5 damage)
             ... on level 2 of the Dungeon.
             The game lasted 00:02:26 (465 turns).

jacquesderrida the Slasher (Vine Stalker Skald)      Turns: 465, Time: 00:02:26

Health: 0/18       AC:  4    Str: 14    XL:     3   Next: 79%
Magic:  0/7        EV: 11    Int: 12    God:
Gold:   19         SH:  0    Dex: 14    Spells: 1 memorised, 5 levels left

rFire  . . .     SeeInvis .     a - +0 falchion
rCold  . . .     Gourm    .     b - +0 leather armour
rNeg   . . .     Faith    .     (no shield)
rPois  +         Spirit   +     (no helmet)
rElec  .         Dismiss  .     (no cloak)
rCorr  .         Reflect  .     (no gloves)
MR     .....     Harm     .     h - +0 pair of boots
Stlth  +.........               (no amulet)
                                (no ring)
                                g - ring of poison resistance

@: no status effects
A: fangs 2, magic shield, antimagic bite, no device heal 3, rot immunity
a: no special abilities


You were on level 2 of the Dungeon.
You were not hungry.

You visited 1 branch of the dungeon, and saw 2 of its levels.

You collected 19 gold pieces.

Inventory:

Hand Weapons
 a - a +0 falchion (weapon)
Armour
 b - a +0 leather armour (worn)
 h - a +0 pair of boots (worn)
Jewellery
 g - a ring of poison resistance (left hand)
Scrolls
 e - 2 scrolls of enchant weapon {unknown}
 f - a scroll of noise {unknown}
 l - a scroll of enchant armour {unknown}
Books
 c - a book of Battle

   Spells                             Type                      Level
   a - Infusion                       Charms                       1
   b - Shroud of Golubria             Charms/Translocation         2
   c - Song of Slaying                Charms                       2
   d - Spectral Weapon                Hexes/Charms                 3
   e - Regeneration                   Charms/Necromancy            3
Comestibles
 d - a bread ration
 i - a beef jerky
 j - 4 chunks of flesh


   Skills:
 - Level 1.7 Fighting
 + Level 3.6 Long Blades
 - Level 0.7 Armour
 - Level 0.7 Dodging
 - Level 2.1 Spellcasting
 - Level 3.0 Charms


You had 5 spell levels left.
You knew the following spells:

 Your Spells              Type           Power        Failure   Level  Hunger
a - Infusion              Chrm           #...         12%         1    ##.....


Dungeon Overview and Level Annotations

Branches:
Dungeon (2/15)

Altars:


Innate Abilities, Weirdness & Mutations

You have extremely sharp teeth.
When hurt, damage is shared between your health and your magic reserves.
Your bite disrupts and absorbs the magic of your enemies.
Potions and wands cannot restore your health.
You are immune to rotting.


Message History

* * * LOW HITPOINT WARNING * * *
You hit the dart slug.
You kill the dart slug!
You open the door.
A worm comes into view.
Found a stone staircase leading up.
There is an open door here.
There is a stone staircase leading up here.
You hit the worm.
The worm is lightly wounded.
The worm bites you.
* * * LOW HITPOINT WARNING * * *
You hit the worm but do no damage. Your bite misses the worm. You hit the worm.
The worm is lightly wounded.
There is an open door here.
You hit the worm.
The worm is moderately wounded.
The worm bites you!
You die...

#.. #.##.#####. #..
#..#..##.# #..#########.##
##+## #.....#....#.#.
##...## #....#....).†..
##.....## ##........#.#.
##.......## ##.............
#....<....####...#.####.....
+.........w@................
#.........####...#.####.####
##.......## ##.##.# #.#
##.....## ####.# #.# ##...##
#.# #.# ##+##


You could see a worm.

Vanquished Creatures
  A gnoll (D:2)
  2 adders (D:2)
  A dart slug (D:2)
  A leopard gecko (D:2)
  5 jackals (D:2)
  5 bats
  A frilled lizard (D:2)
  2 goblins (D:2)
  A kobold (D:1)
  3 rats
22 creatures vanquished.

Notes
Turn   | Place    | Note
-------+----------+-------------------------------------------
     0 | D:1      | jacquesderrida the Vine Stalker Skald began the quest for the Orb.
     0 | D:1      | Reached XP level 1. HP: 11/11 MP: 4/4
   268 | D:2      | Reached XP level 2. HP: 15/15 MP: 6/6
   293 | D:2      | Reached XP level 3. HP: 7/18 MP: 7/7
   465 | D:2      | Slain by a worm

Vault maps used:
D:1:      dpeg_arrival_lava_temple_mockup, st_stairs_11
D:2:      wad_river_or_something, okawaru_gym_becter, first_bread,
          nicolae_underground_beach, uniq_natasha

Skill      XL: |  1  2 |
---------------+-------+-----
Long Blades    | 2 3 |  3.6
Fighting       | |  1.7
Armour         | |  0.7
Dodging        | |  0.7
Spellcasting   | |  2.1
Charms         | |  3.0

Action                   || total
-------------------------++-------
Melee: Falchion          ||    85
       Bite              ||    16
  Use: Potion            ||     2
 Stab: Sleeping          ||     1
Armor: Leather armour    ||    22
Dodge: Dodged            ||    52
